Map: 뉴 리퍼그넌시 - 래더

Players

herO - Winner!

  • Race: Protoss Protoss
  • Spawn Location: 7:00

Bly

  • Race: Zerg Zerg
  • Spawn Location: 1:00

Event: IEM Season 13: Katowice (2019)

VOD

Have the link to the VOD?

Description

Time

  • Played on: Feb. 25, 2019, 12:41 p.m.
  • Length: 7:07

All games in this series

Show
View Real Time Build Order
Export as new Build Order

herO Protoss - Winner!

Build Orders:  

Get SALT Encoding   

  12  0:00  Probe  
  13  0:12  Probe  
  14  0:17  Pylon  
  14  0:24  Probe  
  15  0:32  Probe  
  15  0:40  Gateway, Probe  
  17  0:50  Assimilator  
  17  0:51  Probe  
  18  1:03  Probe  
  19  1:15  Probe  
  20  1:27  Zealot, Probe, Cybernetics Core  
  20  1:28  Pylon  
  23  1:51  Nexus  
  23  1:53  Adept  
  23  1:55  Probe  
  24  2:06  Assimilator  
  26  2:09  Warp Gate  
  26  2:12  Probe  
  26  2:13  Adept  
  29  2:34  Probe  
  29  2:36  Robotics Facility  
  29  2:43  Adept  
  31  2:53  Probe  
  31  3:03  Probe  
  31  3:05  Probe  
  33  3:12  Immortal  
  33  3:15  Probe  
  33  3:17  Probe  
  33  3:18  Shield Battery  
  41  3:36  Pylon  
  41  3:40  Shield Battery  
  37  3:44  Observer  
  35  3:50  Probe x2  
  35  3:51  Shield Battery  
  36  3:57  Stalker  
  39  4:02  Probe  
  39  4:03  Probe  
  39  4:07  Immortal  
  44  4:18  Probe  
  44  4:19  Probe  
  46  4:26  Twilight Council  
  46  4:39  Charge  
  46  4:43  Warp Prism  
  46  4:44  Gateway  
  46  4:48  Gateway  
  46  4:52  Gateway  
  48  4:58  Gateway  
  48  5:00  Gateway  
  48  5:11  Gateway  
  48  5:21  Gateway  
  48  5:22  Zealot  
  48  5:26  Gateway, Pylon  
  50  5:30  Pylon  
  50  5:44  Zealot x3  
  50  5:46  Pylon  
  50  5:49  Zealot  
  58  5:52  Pylon  
  58  6:04  Zealot x3  
  58  6:05  Zealot x2  
  58  6:06  Zealot  
  69  6:25  Zealot x5  
  71  6:26  Zealot  
  71  6:32  Zealot  
  77  6:37  Zealot  
  71  6:47  Zealot x2  
Show
View Real Time Build Order
Export as new Build Order

Bly Zerg 

Build Orders: Pool First 

Get SALT Encoding   

  12  0:01  Drone  
  13  0:12  Overlord  
  13  0:16  Drone  
  14  0:30  Drone x2  
  16  0:40  Spawning Pool  
  15  0:47  Drone  
  15  0:49  Extractor  
  15  0:56  Drone  
  16  1:00  Drone  
  17  1:18  Hatchery  
  16  1:27  Zergling x4  
  16  1:29  Zergling x2  
  19  1:38  Zergling x2  
  20  1:49  Roach Warren  
  20  1:53  Burrow  
  19  2:02  Overlord  
  19  2:06  Drone  
  20  2:34  Roach x3  
  20  2:35  Roach  
  27  2:43  Roach  
  27  2:56  Roach x2  
  30  3:05  Drone x2  
  32  3:11  Overlord  
  32  3:19  Drone x2  
  34  3:27  Roach, Queen  
  34  3:31  Roach x2  
  34  3:33  Drone x2  
  38  3:49  Roach x2  
  38  3:52  Drone  
  38  3:53  Drone x2  
  38  3:55  Drone  
  40  3:56  Queen  
  40  3:59  Drone  
  43  4:03  Drone  
  43  4:06  Metabolic Boost  
  42  4:17  Overlord  
  42  4:20  Roach x3  
  42  4:21  Roach x2  
  42  4:31  Drone x2  
  42  4:35  Roach x4, Overlord  
  42  4:36  Drone x3  
  42  4:37  Drone x2  
  49  4:47  Hatchery  
  48  4:56  Overlord  
  48  4:58  Extractor, Drone x2  
  47  5:00  Extractor, Drone  
  47  5:05  Drone x2  
  49  5:09  Overlord  
  49  5:13  Roach x3  
  55  5:19  Roach  
  55  5:20  Roach x2  
  53  5:38  Zergling x12  
  53  5:39  Ravager x3  
  53  5:41  Zergling x8  
  66  5:48  Zergling x2  
  67  5:51  Ravager  
  67  5:57  Overlord  
  68  6:12  Zergling x16  
  76  6:23  Roach x5  
  73  6:38  Roach x2  
  73  6:39  Roach  
  62  6:42  Roach x2  
  45  6:50  Zergling x2  

Tags
 
Add a new tag
Caveats
  • Supply blocks, unpowered buildings, or Contaminate may cause inaccurate times.
  • Supply counts are checked every 10 seconds.